 Dungeon Crawl Stone Soup version 0.18.1-8-gdd0e5ea (webtiles) character file.

16111 Wooh the Martial Artist (level 12, -8/95 HPs)
             Began as a Merfolk Monk on May 28, 2016.
             Was a High Priest of Makhleb.
             Mangled by a spectral orc knight
             ... wielding a +0 great mace
             ... summoned by Nergalle
              (12 damage)
             ... on level 2 of the Lair of Beasts.
             The game lasted 00:59:16 (14108 turns).

Wooh the Martial Artist (Merfolk Monk)             Turns: 14108, Time: 00:59:17

Health: -8/95      AC:  6    Str: 12    XL:     12   Next: 34%
Magic:  0/17       EV: 21    Int: 11    God:    Makhleb [*****.]
Gold:   761        SH:  0    Dex: 19    Spells: 1 memorised, 12 levels left

rFire  . . .     SeeInvis .       - Unarmed
rCold  . . .     Gourm    .     x - troll hide
rNeg   + . .     Faith    .     (no shield)
rPois  .         Spirit   +     u - +1 hat
rElec  .         Dismiss  .     C - +0 cloak
rCorr  .         Reflect  .     r - +0 pair of gloves
SustAt .         Harm     .     I - +0 pair of boots
MR     +++..     Clarity  +     y - amulet of guardian spirit
Stlth  ++........               f - ring of positive energy (curse)
                                E - ring of protection from magic

@: very slightly contaminated, drained, extremely resistant to hostile
enchantments, unstealthy
A: change form in water, swift swim, horns 1, repulsion field 1, berserk 1,
clarity, magic resistance 2, screaming 1, no device heal 1, MP-powered wands
a: Minor Destruction, Lesser Servant of Makhleb, Major Destruction, Greater
Servant of Makhleb, Renounce Religion


You were on level 2 of the Lair of Beasts.
You worshipped Makhleb.
Makhleb was extremely pleased with you.
You were hungry.

You visited 3 branches of the dungeon, and saw 14 of its levels.

You collected 821 gold pieces.
You spent 60 gold pieces at shops.

Inventory:

Missiles
 l - 4 throwing nets (quivered)
Armour
 e - a +1 robe of magic resistance
 r - a +0 pair of gloves (worn)
 u - a +1 hat (worn)
 x - a troll hide (worn)
 C - a +0 cloak (worn)
 I - a +0 pair of boots (worn)
 Y - a +0 scale mail of magic resistance
Jewellery
 f - a cursed ring of positive energy (right hand)
 w - an uncursed ring of see invisible
 y - an amulet of guardian spirit (around neck)
 E - a ring of protection from magic (left hand)
 L - an uncursed ring of positive energy
Wands
 n - a wand of teleportation (4/9)
 A - a wand of paralysis (14/24)
 O - a wand of digging (13/24)
 S - a wand of disintegration (12/24)
Scrolls
 c - 5 scrolls of remove curse
 o - 2 scrolls of enchant armour {unknown}
 p - 2 scrolls of fear {unknown}
 J - 3 scrolls of fog {unknown}
 K - 3 scrolls of immolation {unknown}
 M - a scroll of enchant weapon {unknown}
 P - 4 scrolls of amnesia {unknown}
 W - a scroll of teleportation {unknown}
 X - 2 scrolls of magic mapping
Potions
 a - 3 potions of heal wounds
 i - a potion of cure mutation {unknown}
 j - a potion of brilliance {unknown}
 k - 3 potions of resistance
 m - 3 potions of curing
 s - a potion of berserk rage {unknown}
 z - a potion of magic
 B - a potion of invisibility
 F - 3 potions of agility {unknown}
 G - a potion of flight
 N - a potion of might
Books
 d - a book of the Earth

   Spells                             Type                      Level
   a - Leda's Liquefaction            Hexes/Earth                  4
   b - Bolt of Magma                  Conjuration/Fire/Earth       5
   c - Statue Form                    Transmutation/Earth          6
   d - Iron Shot                      Conjuration/Earth            6
   e - Shatter                        Earth                        9
 g - a book of Cantrips

   Spells                             Type                      Level
   a - Corona                         Hexes                        1
   b - Animate Skeleton               Necromancy                   1
   c - Summon Small Mammal            Summoning                    1
   d - Apportation                    Translocation                1
 D - a book of Flames

   Spells                             Type                      Level
   a - Flame Tongue                   Conjuration/Fire             1
   b - Throw Flame                    Conjuration/Fire             2
   c - Conjure Flame                  Conjuration/Fire             3
   d - Inner Flame                    Hexes/Fire                   3
   e - Sticky Flame                   Conjuration/Fire             4
   f - Fireball                       Conjuration/Fire             5
Comestibles
 b - 7 bread rations
 h - 5 beef jerkies
 q - 5 fruits
 t - a meat ration
 v - 2 royal jellies
 H - 4 chunks of flesh
 Q - 10 slices of pizza


   Skills:
 - Level 9.0(7.7) Fighting
 - Level 4.1(3.0) Armour
 + Level 10.7(9.5) Dodging
 - Level 2.1(1.1) Stealth
 - Level 12.4(11.1) Unarmed Combat
 - Level 3.7(2.7) Spellcasting
 - Level 11.4(10.1) Transmutations
 - Level 5.8(4.7) Invocations


You had 12 spell levels left.
You knew the following spells:

 Your Spells              Type           Power        Failure   Level  Hunger
a - Statue Form           Trmt/Erth      ##.......    100%        6    #######


Dungeon Overview and Level Annotations

Branches:
Dungeon (11/15)            Temple (0/1) D:5            Lair (2/8) D:10
    Orc (1/2) D:9

Altars:
Ashenzari
Cheibriados
Elyvilon
Fedhas
Gozag
Kikubaaqudgha
Makhleb
Qazlal
Ru
Sif Muna
Trog
Xom
The Shining One

Shops:
D:10 :!(=!   Orc:1 *

Annotations:
D:11 exclusion: door
Lair:2 Nergalle


Innate Abilities, Weirdness & Mutations

You revert to your normal form in water.
You are very nimble and swift while swimming.
You have a pair of small horns on your head.
You are surrounded by a mild repulsion field (EV +2).
You tend to lose your temper in combat.
You possess an exceptional clarity of mind.
You are highly resistant to hostile enchantments.
You occasionally shout uncontrollably at your foes.
Potions and wands are less effective at restoring your health.
You expend magic power (3 MP) to strengthen your wands.


Message History

The spectral orc warrior misses you.
The spectral orc knight closely misses you.
The spectral orc warrior hits you with a short sword.
* * * LOW HITPOINT WARNING * * *
You hit Nergalle but do no damage. Your headbutt misses Nergalle.
Nergalle is almost dead.
Nergalle gestures wildly while chanting.
Nergalle stands defiantly in death's doorway!
The spectral orc misses you.
The spectral orc warrior hits you from afar with a glaive of freezing.
* * * LOW HITPOINT WARNING * * *
The spectral orc warrior freezes you.
* * * LOW HITPOINT WARNING * * *
The spectral orc warrior completely misses you.
A demon appears!
You feel slightly more hungry. The spectral orc warrior misses you.
The spectral orc warrior hits you with a short sword.
* * * LOW HITPOINT WARNING * * *
The spectral orc knight hits you with a great mace!
You die...

.....<......## ### ##..Z.Z.###...
...<.......## #.###?....§###...#
........Z.## ###..#......###....#
........Z..###.#...†.5..###...#.#
..........###...5.......#.#....##
........P###..........####...###
.......######>.43....####...P#
.......#.#....ZZoZP#####...###
........#....ZZZ@..####...#.#
..............ZZZ..##....####
................Z###...#.#
#...............###...####
#.............P........#
.#.............†....####
...................##
...............##...#
.....#P...##########


You could see Nergalle, a spectral orc, 7 spectral orc warriors, 2 spectral orc
knights, a neqoxec, an iron imp, a white imp and a friendly hellwing.

Vanquished Creatures
  A vault guard (D:11)
  A hydra (Lair:1)
  Erica (D:10)
  A hill giant (D:10)
  2 orc sorcerers
  A cyclops (D:10)
  A manticore (D:11)
  Psyche (D:8)
  7 spiny frogs
  A troll (D:10)
  A two-headed ogre (D:9)
  3 blink frogs (Lair:1)
  A wraith (D:11)
  3 yaks (D:10)
  A human (D:9)
  A steam dragon (D:11)
  2 hippogriffs
  A mottled dragon (D:11)
  A water moccasin (Lair:2)
  7 porcupines
  4 sky beasts
  A wasp (D:11)
  3 orc warriors
  A black bear (D:8)
  3 phantoms
  6 ogres
  4 centaurs
  4 crocodiles
  A big kobold (D:10)
  5 giant frogs
  A wyvern zombie (D:8)
  A wyvern skeleton (D:9)
  A scorpion (D:10)
  2 killer bees (D:8)
  4 howler monkeys
  10 wights
  4 crimson imps
  5 jellies
  A quasit (D:6)
  3 orc priests
  7 hounds
  A centaur skeleton (D:11)
  3 giant frog skeletons
  6 iguanas
  7 orc wizards
  8 worker ants
  4 sheep (Lair:2)
  A hound zombie (D:8)
  Robin (D:4)
  10 adders
  4 gnolls
  2 howler monkey skeletons (D:8)
  19 river rats
  3 shadow imps
  An ooze (D:5)
  An adder skeleton (D:4)
  An adder zombie (D:8)
  5 worms
  2 dart slugs (D:1)
  8 giant geckos
  32 orcs
  3 giant cockroaches
  16 goblins
  13 hobgoblins
  14 jackals
  14 kobolds
  A quokka (D:3)
  A ball python (D:3)
  8 bats
  A giant gecko zombie (D:8)
  4 giant newts
  11 rats
314 creatures vanquished.

Vanquished Creatures (collateral kills)
  Harold (Orc:1)
  2 komodo dragons
  A two-headed ogre (D:10)
  2 blink frogs (Lair:1)
  A vampire (D:10)
  2 porcupines
  An orc warrior (D:7)
  2 giant frogs
  A killer bee (D:8)
  2 wights (D:8)
  4 river rats (Lair:2)
  2 orcs (D:7)
  A fungus (Lair:1)
22 creatures vanquished.

Grand Total: 336 creatures vanquished

Notes
Turn   | Place    | Note
--------------------------------------------------------------
     0 | D:1      | Wooh the Merfolk Monk began the quest for the Orb.
     0 | D:1      | Reached XP level 1. HP: 18/18 MP: 1/1
    58 | D:1      | Reached XP level 2. HP: 12/24 MP: 2/2
   178 | D:1      | Reached skill level 5 in Dodging
   498 | D:1      | Reached XP level 3. HP: 28/29 MP: 3/3
   725 | D:2      | Found a deep blue altar of Sif Muna.
  1477 | D:2      | Found a bloodstained altar of Trog.
  1483 | D:2      | Reached skill level 5 in Unarmed Combat
  1498 | D:2      | Reached XP level 4. HP: 29/35 MP: 4/4
  1550 | D:2      | Found a blossoming altar of Fedhas.
  1923 | D:3      | Found a white marble altar of Elyvilon.
  2626 | D:3      | Found a shimmering altar of Xom.
  3018 | D:3      | Reached XP level 5. HP: 41/41 MP: 5/5
  3100 | D:3      | Reached skill level 6 in Unarmed Combat
  3767 | D:4      | Found an opulent altar of Gozag.
  4038 | D:4      | Noticed Robin
  4048 | D:4      | Reached skill level 7 in Unarmed Combat
  4048 | D:4      | Reached XP level 6. HP: 40/47 MP: 6/6
  4084 | D:4      | Killed Robin
  4445 | D:4      | Found a burning altar of Makhleb.
  4445 | D:4      | Found an ancient bone altar of Kikubaaqudgha.
  4459 | D:4      | Became a worshipper of Makhleb the Destroyer
  4459 | D:4      | Reached * piety under Makhleb
  4459 | D:4      | Reached ** piety under Makhleb
  4617 | D:5      | Entered Level 5 of the Dungeon
  4647 | D:5      | Noticed a sky beast
  4655 | D:5      | Killed a sky beast
  4655 | D:5      | Reached skill level 8 in Unarmed Combat
  4659 | D:5      | Gained mutation: Your flesh is cold resistant. [mutagenic meat]
  4660 | D:5      | Gained mutation: You have a pair of small horns on your head. [mutagenic meat]
  4849 | D:5      | Reached XP level 7. HP: 45/52 MP: 3/7
  5032 | D:5      | Reached skill level 9 in Unarmed Combat
  5239 | D:5      | Found a staircase to the Ecumenical Temple.
  5561 | D:6      | Found a sacrificial altar of Ru.
  5646 | D:6      | Reached XP level 8. HP: 40/58 MP: 6/8
  5743 | D:6      | Reached *** piety under Makhleb
  6200 | D:6      | Found a snail-covered altar of Cheibriados.
  6508 | D:7      | Reached skill level 1 in Armour
  6776 | D:7      | Found a snail-covered altar of Cheibriados.
  6957 | D:7      | Reached skill level 1 in Invocations
  6979 | D:7      | Reached XP level 9. HP: 42/65 MP: 5/10
  7635 | D:8      | Reached skill level 5 in Fighting
  7775 | D:8      | Found a stormy altar of Qazlal.
  7848 | D:8      | Found a shattered altar of Ashenzari.
  7896 | D:8      | Noticed Psyche
  7910 | D:8      | Killed Psyche
  8083 | D:8      | Reached skill level 5 in Invocations
  8464 | D:9      | Reached **** piety under Makhleb
  8914 | D:9      | Gained mutation: You are surrounded by a mild repulsion field (EV +2). [potion of mutation]
  8914 | D:9      | Lost mutation: Your flesh is cold resistant. [potion of mutation]
  8914 | D:9      | Gained mutation: You occasionally shout uncontrollably at your foes. [potion of mutation]
  8941 | D:9      | Reached XP level 10. HP: 80/80 MP: 14/14
  8969 | D:9      | Found a staircase to the Orcish Mines.
  9069 | D:9      | Found a glowing golden altar of the Shining One.
  9515 | D:10     | Entered Level 10 of the Dungeon
  9588 | D:10     | Found Gilomn's Weapon Shoppe.
  9670 | D:10     | Found Curu Loude's Jewellery Shop.
  9830 | D:10     | Noticed a hill giant
  9854 | D:10     | Killed a hill giant
  9854 | D:10     | Reached skill level 10 in Dodging
  9966 | D:10     | Found a staircase to the Lair.
  9991 | D:10     | Noticed Erica
 10011 | D:10     | Killed Erica
 10011 | D:10     | Reached skill level 10 in Unarmed Combat
 10130 | D:10     | Found Berux's Distillery.
 10144 | D:10     | Bought 2 potions of mutation for 60 gold pieces
 10144 | D:10     | Gained mutation: You are resistant to hostile enchantments. [potion of mutation]
 10144 | D:10     | Gained mutation: You tend to lose your temper in combat. [potion of mutation]
 10144 | D:10     | Gained mutation: Potions and wands are less effective at restoring your health. [potion of mutation]
 10145 | D:10     | Gained mutation: You are frail (-10% HP). [potion of mutation]
 10145 | D:10     | Gained mutation: You are highly resistant to hostile enchantments. [potion of mutation]
 10265 | Lair:1   | Entered Level 1 of the Lair of Beasts
 10268 | Lair:1   | Noticed a spiny frog
 10269 | Lair:1   | Noticed a spiny frog
 10293 | D:10     | Gained mutation: You expend magic power (3 MP) to strengthen your wands. [potion of mutation]
 10293 | D:10     | Lost mutation: You are frail (-10% HP). [potion of mutation]
 10294 | D:10     | Gained mutation: You are occasionally teleported next to monsters. [potion of mutation]
 10294 | D:10     | Lost mutation: You are occasionally teleported next to monsters. [potion of mutation]
 10294 | D:10     | Gained mutation: You possess an exceptional clarity of mind. [potion of mutation]
 10312 | D:10     | Noticed a cyclops
 10313 | D:10     | Reached skill level 11 in Unarmed Combat
 10332 | D:10     | Killed a cyclops
 10332 | D:10     | Reached XP level 11. HP: 87/87 MP: 15/15
 10366 | D:10     | Found Ohylud's Book Boutique.
 10465 | D:10     | Found Ucvoustre's Distillery.
 10633 | D:10     | Reached skill level 12 in Unarmed Combat
 11212 | Lair:1   | Noticed a seven-headed hydra
 11249 | Lair:1   | HP: 4/89 [blink frog (4)]
 11666 | D:10     | Learned a level 6 spell: Statue Form
 11723 | Orc:1    | Entered Level 1 of the Orcish Mines
 11728 | Orc:1    | Reached skill level 1 in Transmutations
 11732 | Orc:1    | Noticed Harold
 11745 | Orc:1    | Killed Harold
 11779 | Orc:1    | Noticed an orc sorcerer
 11782 | Orc:1    | Found Xismeut's Assorted Antiques.
 11787 | Orc:1    | Killed an orc sorcerer
 11867 | Orc:1    | Noticed an orc sorcerer
 11901 | D:9      | Killed an orc sorcerer
 11901 | D:9      | Reached skill level 5 in Transmutations
 12351 | D:11     | Noticed a manticore
 12365 | D:11     | Killed a manticore
 12610 | D:11     | Noticed a vault guard
 12626 | D:11     | Killed a vault guard
 12626 | D:11     | Reached ***** piety under Makhleb
 12886 | Lair:1   | Reached skill level 10 in Transmutations
 12893 | Lair:1   | Reached XP level 12. HP: 71/95 MP: 11/16
 12995 | Lair:1   | Killed a seven-headed hydra
 13266 | Lair:1   | Reached skill level 1 in Spellcasting
 14030 | Lair:2   | Noticed Nergalle
 14060 | Lair:2   | HP: 2/95 [Nergalle/bolt of negative energy (17)]
 14073 | Lair:2   | HP: 4/95 [spectral orc warrior/hand axe[Nergalle] (5)]
 14108 | Lair:2   | HP: 4/95 [spectral orc warrior/short sword[Nergalle] (4)]
 14108 | Lair:2   | Mangled by a spectral orc knight

Skill      XL: |  1  2  3  4  5  6  7  8  9 10 11 12 |
---------------+-------------------------------------+-----
Dodging        | 5 7 8 10 | 10.7
Unarmed Combat | 5 7 8 9 11 12 | 12.4
Armour         | 3 4 |  4.1
Invocations    | 2 5 |  5.8
Fighting       | 4 8 9 |  9.0
Transmutations | 10 11 | 11.4
Spellcasting   | 3 |  3.7
Stealth        | |  2.1

Action                   |  1- 3 |  4- 6 |  7- 9 | 10-12 || total
-------------------------+-------+-------+-------+-------++-------
Melee: Unarmed           |   136 |   252 |   431 |   663 ||  1482
       Punch             |     1 |    12 |    26 |    43 ||    82
       Tailslap          |     1 |     1 |       |     4 ||     6
       Headbutt          |       |       |    82 |   163 ||   245
Throw: Throwing net      |       |       |       |     1 ||     1
Invok: Minor Destruction |       |       |     4 |    19 ||    23
       Lesser Servant of |       |       |     3 |    16 ||    19
  Use: Scroll            |       |       |    11 |     7 ||    18
       Potion            |       |       |     1 |     6 ||     7
 Stab: Sleeping          |     2 |     8 |     7 |     3 ||    20
       Distracted        |       |       |     2 |     1 ||     3
       Held in net/web   |       |       |       |     1 ||     1
  Eat: Chunk             |       |    13 |    13 |    14 ||    40
       Pizza             |       |     1 |       |       ||     1
       Meat ration       |       |       |       |     1 ||     1
Armor: Robe              |    25 |    40 |    30 |     5 ||   100
       Scale mail        |       |       |    41 |    52 ||    93
       Leather armour    |       |       |    29 |       ||    29
       Troll hide        |       |       |       |    29 ||    29
Dodge: Dodged            |   133 |   166 |   364 |   668 ||  1331
